 Dungeon Crawl Stone Soup version 0.28.0-62-gf88900778d (webtiles) character file.

Game seed: 14063244129457012452

416 cbfl8 the Chopper (level 6, -11/56 HPs)
             Began as a Minotaur Berserker on June 27, 2023.
             Was a Priest of Trog.
             Engulfed by a cloud of flame (27 damage)
             ... on level 3 of the Dungeon.
             The game lasted 00:02:56 (3662 turns).

cbfl8 the Chopper (Minotaur Berserker)              Turns: 3662, Time: 00:02:56

Health: -11/56     AC: 10    Str: 22    XL:     6   Next: 60%
Magic:  5/5        EV: 26    Int:  4    God:    Trog [***...]
Gold:   170        SH:  0    Dex: 11    Spells: 5/5 levels left

rFire   . . .      SeeInvis .   a - +0 hand axe
rCold   . . .      Faith    .   (no shield)
rNeg    . . .      Spirit   .   s - +0 scale mail
rPois   .          Reflect  .   d - +1 hat
rElec   .          Harm     .   (no cloak)
rCorr   .          Rampage  .   i - +0 pair of gloves
Will    +....                   l - +0 pair of boots
Stlth   ..........              p - amulet of the acrobat
HPRegen 0.18/turn               g - ring of willpower
MPRegen 0.09/turn               (no ring)

@: acrobatic
A: horns 2, retaliatory headbutt
a: Renounce Religion, Berserk, Trog's Hand


You were on level 3 of the Dungeon.
You worshipped Trog.
Trog was most pleased with you.
You visited 1 branch of the dungeon, and saw 3 of its levels.

You collected 170 gold pieces.

Inventory:

Hand Weapons
 a - a +0 hand axe (weapon)
Armour
 d - a +1 hat (worn)
 i - a +0 pair of gloves (worn)
 l - a +0 pair of boots (worn)
 s - a +0 scale mail (worn)
Jewellery
 g - a ring of willpower (left hand)
 p - an amulet of the acrobat (around neck)
Scrolls
 b - a scroll of enchant weapon {unknown}
 e - 3 scrolls of identify {unknown}
 f - a scroll of fog {unknown}
 h - a scroll of acquirement {unknown}
 m - a scroll of immolation {unknown}
 o - a scroll of teleportation {unknown}
 q - a scroll of summoning {unknown}
Potions
 c - a potion of heal wounds {unknown}
 j - a potion of curing {unknown}
 k - a potion of flight {unknown}
 r - a potion of berserk rage {unknown}


   Skills:
 + Level 5.3 Fighting
 + Level 6.0 Axes
 + Level 3.7 Armour
 + Level 3.1 Dodging
 + Level 0.3 Stealth
 * Level 2.6 Evocations


You had 5 spell levels left.
You didn't know any spells.
Your spell library was empty.

Dungeon Overview and Level Annotations

Branches:
Dungeon (3/15)

Altars:

Shops:
D:3 [


Innate Abilities, Weirdness & Mutations

You have a pair of horns on your head.
You reflexively headbutt those who attack you in melee.


Message History

Unknown command.
You hit Natasha.
You kill Natasha!
Trog accepts your kill.
Trog appreciates your killing of a magic user.
You feel Natasha's spirit has finally been put to rest.
Unknown command.
No target in view!
Unknown command.
No target in view!
Key pressed, stopping explore.
No target in view!
There is an open door here.
There is an open door here.
Key pressed, stopping explore.
No target in view!
Partly explored, can't reach some items and places.
No target in view!
Partly explored, can't reach some items and places.
No target in view!
Partly explored, can't reach some items and places.
No target in view!
Partly explored, can't reach some items and places.
Search for what [Enter for "."]? .
Things that are here:
a +0 flail; a +0 scale mail
s - a +0 scale mail You start removing your armour.
You continue taking off your +0 ring mail. x4
You finish taking off your +0 ring mail.
You start putting on your armour.
You continue putting on your +0 scale mail. x5
You finish putting on your +0 scale mail.
You drop a +0 ring mail.
Really walk into a travel-excluded area?
You are engulfed in blazing flames.
You are engulfed in blazing flames.
* * * LOW HITPOINT WARNING * * *
You are engulfed in blazing flames.
You die...

#....#..# #§☼§#
#.#.#.# ##....#..#
#.☼§# #.#.#.#
#.....#### #.§.#
#.#.#.# #.....#
####...#####
#.#.#.# #.....#
§§......○§.##.#.#.#
#..(..#
......§☼...#...).#
#.....#
..$$.§....#.#.####
#.....#
##...#####...#.)...
#.....#### #@§§#
##..#####.
#....[...# #°☼§#
#...# #. #........#
#§☼☼# ##..#####.
#(.......#####...#
###........
#####...........##
#....######
#..........##
###..##....
#..........#
##..##'###
############
#..>......
#.........


There were no monsters in sight!

Vanquished Creatures
  Sigmund (D:3)
  Terence (D:3)
  Natasha (thrice) (D:3)
  Robin (D:3)
  5 adders (D:2)
  4 worms
  2 dart slugs (D:1)
  3 orcs (D:3)
  5 endoplasms
  4 giant cockroaches
  12 goblins
  5 hobgoblins
  3 jackals (D:2)
  3 quokkas
  8 ball pythons
  6 bats
  4 frilled lizards
  9 kobolds
  3 rats (D:2)
82 creatures vanquished.

Vanquished Creatures (others)
  A quokka (D:3)
1 creature vanquished.

Grand Total: 83 creatures vanquished

Notes
Turn   | Place    | Note
-------+----------+-------------------------------------------
     0 | D:1      | cbfl8 the Minotaur Berserker began the quest for the Orb.
     0 | D:1      | Reached XP level 1. HP: 19/19 MP: 0/0
   257 | D:1      | Reached XP level 2. HP: 27/27 MP: 1/1
   294 | D:1      | Reached skill level 4 in Axes
   662 | D:1      | Found a faded altar of an unknown god.
   930 | D:1      | Reached ** piety under Trog
   931 | D:1      | Reached skill level 1 in Evocations
   931 | D:1      | Reached XP level 3. HP: 31/33 MP: 2/2
  1367 | D:2      | Reached XP level 4. HP: 37/41 MP: 3/3
  2106 | D:3      | Noticed Robin
  2140 | D:3      | Killed Robin
  2141 | D:3      | Reached XP level 5. HP: 33/47 MP: 4/4
  2141 | D:3      | Reached *** piety under Trog
  2142 | D:3      | Reached skill level 5 in Axes
  2533 | D:3      | Noticed Sigmund
  2543 | D:3      | Killed Sigmund
  2544 | D:3      | Reached skill level 5 in Fighting
  2544 | D:3      | Reached XP level 6. HP: 56/56 MP: 5/5
  2596 | D:3      | Noticed Terence
  2607 | D:3      | Killed Terence
  2937 | D:3      | Noticed Natasha
  2945 | D:3      | Killed Natasha
  2958 | D:3      | Found Ofuwu's Armour Shop.
  3114 | D:3      | Noticed Natasha
  3128 | D:3      | Killed Natasha
  3325 | D:3      | Reached skill level 6 in Axes
  3489 | D:3      | Noticed Natasha
  3498 | D:3      | Killed Natasha
  3662 | D:3      | Engulfed by a cloud of flame

Illustrated notes

Levels and vault maps discovered:
D:1:      amcnicky_arrival_abandoned_market, layout_rooms,
          hellmonk_ecumenical_altar_inner_sanctum, corexii_hall_statues_t
D:2:      layout_basic
D:3:      layout_basic, serial_shops, shop, lemuel_flame_loot_1, uniq_robin,
          uniq_natasha, uniq_terence, uniq_sigmund

Skill      XL: |  1  2  3  4  5  6 |
---------------+-------------------+-----
Axes           | 4 5 6 |  6.0
Fighting       | 4 5 |  5.3
Evocations     | 1 2 |  2.6
Armour         | 3 |  3.7
Dodging        | 3 |  3.1
Stealth        | |  0.3

Action                   |  1- 3 |  4- 6 || total
-------------------------+-------+-------++-------
Melee: Hand axe          |    79 |   120 ||   199
       Headbutt          |    10 |    23 ||    33
       Punch             |     1 |     1 ||     2
Invok: Berserk           |       |     2 ||     2
Armor: Animal skin       |    17 |     2 ||    19
       Ring mail         |       |    51 ||    51
Dodge: Dodged            |    48 |    64 ||   112
